 Dungeon Crawl Stone Soup version 0.32-a0-859-gb0a091d592 (webtiles) character file.

Game seed: 12493483394813645873

77 Xavori the Trooper (level 4, 0/35 HPs)
             Began as a Djinni Chaos Knight on Mar 28, 2024.
             Was a Plaything of Xom.
             Slain by a black bear (6 damage)
             ... on level 4 of the Dungeon.
             The game lasted 00:02:38 (11385 turns).

Xavori the Trooper (Djinni Chaos Knight)           Turns: 11385, Time: 00:02:38

Health: 0/35       AC:  6    Str: 11      XL:     4   Next: 60%
Gold:   216        EV: 11    Int: 13      God:    Xom [*.....] SH:  0 Dex: 12 (15)

rFire   + + +        a - +0 falchion (chaos)
rCold   . . .        (no shield)
rNeg    . . .        b - +2 leather armour
rPois   ∞            (helmet restricted)
rElec   .            (no cloak)
rCorr   .            r - +0 pair of gloves
SInv    .            (boots unavailable)
Will    .....        (no amulet)
Stlth   +            q - ring of protection from cold
HPRegen 0.25/turn    (no ring)
MPRegen 0.00/turn

%: infuse magic (-1 HP)
@: flying
A: sickness immunity, fire resistance 3, cold vulnerability 1, float, innate
caster, HP casting, extra vitality 1, antennae 1, mutation resistance 1, sense
surroundings 1, sturdy frame 1
a: Renounce Religion


You were on level 4 of the Dungeon.
You worshipped Xom.
You were a special plaything of Xom.
You visited 1 branch of the dungeon, and saw 4 of its levels.

You collected 216 gold pieces.

Inventory:

Hand Weapons
 a - a +0 falchion of chaos (weapon)
Armour
 b - a +2 leather armour (worn)
 r - a +0 pair of gloves (worn)
Jewellery
 q - a ring of protection from cold (left hand)
Wands
 k - a wand of warping (5)
 p - a wand of acid (9)
Scrolls
 c - a scroll of butterflies
 d - a scroll of torment {unknown}
 e - a scroll of fog {unknown}
 g - a scroll of vulnerability {unknown}
 h - a scroll of blinking {unknown}
 i - a scroll of brand weapon {unknown}
 j - a scroll of teleportation {unknown}
 l - a scroll of enchant armour {unknown}
 m - 2 scrolls of amnesia {unknown}
 n - 2 scrolls of noise {unknown}
 o - 2 scrolls of identify {unknown}
 t - a scroll of poison {unknown}
Potions
 f - a potion of brilliance {unknown}
 s - a potion of curing {unknown}
 u - a potion of invisibility {unknown}
 v - a potion of cancellation {unknown}


   Skills:
 + Level 3.3 Fighting
 + Level 3.0 Long Blades
 + Level 1.7 Armour
 + Level 2.7 Dodging
 * Level 1.5 Spellcasting
 * Level 1.5 Conjurations
 * Level 1.5 Hexes
   Level 0.0 Charms
 * Level 1.5 Summonings
 * Level 1.5 Necromancy
 * Level 1.5 Translocations
   Level 0.0 Transmutations
 * Level 1.5 Fire Magic
 * Level 1.5 Ice Magic
 * Level 1.5 Air Magic
 * Level 1.5 Earth Magic
 * Level 1.5 Alchemy


You knew the following spells:

 Your Spells              Type           Power      Damage    Failure   Level
a - Shock                 Conj/Air       16%        1d4       16%         1
Your spell library was empty.

Dungeon Overview and Level Annotations

Branches:
Dungeon (4/15)
 Temple: D:4-7

Altars:
Qazlal

Annotations:
D:3 3 runed translucent doors, SpaceCowgir3's ghost, amateur MiHu


Innate Abilities, Weirdness & Mutations

You are immune to sickness and miasma.
You are immune to poison.
Your flesh is almost immune to the effects of heat. (rF+++)
You are vulnerable to cold. (rC-)
You float through the air rather than walking.
You learn spells naturally, not from books.
Your magical power is your life essence.
You have superior vitality. (+4 MHP)
You have a pair of small antennae on your head.
You are somewhat resistant to further mutation.
You passively map a small area around you.
Your movements are slightly less encumbered by armour. (ER -2)


Message History

Unknown command.
You hit the black bear. You burn the black bear.
The black bear is heavily wounded.
The wyvern bites you but does no damage.
The black bear bites you but does no damage.
The black bear claws you but does no damage. x2
The wyvern barely misses you.
Unknown command.
You closely miss the black bear.
The black bear is severely wounded.
The wyvern barely misses you.
The black bear goes berserk!
The wyvern misses you.
Unknown command.
You barely miss the black bear.
The black bear is severely wounded.
The black bear bites you but does no damage.
The black bear claws you. The black bear barely misses you.
The wyvern closely misses you.
The black bear bites you but does no damage.
The black bear claws you but does no damage.
The black bear claws you. The wyvern attacks as it pursues you!
The wyvern misses you. The black bear bites you. The black bear misses you.
The black bear claws you but does no damage.
The wyvern closely misses you.
The black bear attacks as it pursues you!
The black bear misses you. The black bear claws you.
The black bear claws you but does no damage.
The black bear bites you!
The black bear claws you but does no damage.
The black bear claws you.
* * * LOW HITPOINT WARNING * * *
The wyvern bites you.
* * * LOW HITPOINT WARNING * * *
There is a stone staircase leading up here.
Unknown command.
A hobgoblin comes into view.
The black bear barely misses you. x2; The black bear claws you.
You die...
Xom giggles madly!

* * *, * ..
, , * .# **
, , * **.. *
, #.* ** #.
, , ## #.##
, * , ..?#*
#..# * * *
##...## #@#
, ,
.!....$##h##
,# **
*#..?.k.##.#
####......#
*
##...##$.?.
, ,,
#......### *
........# *
#....!###..#
, ...#.#.#
.... ,


You could see a black bear (berserk, poisoned) and a wyvern.

Vanquished Creatures
  2 adders
  A dart slug (D:1)
  A ribbon worm (D:3)
  2 orcs (D:3)
  4 ball pythons
  8 bats
  6 endoplasms
  2 giant cockroaches
  2 goblins (D:1)
  2 hobgoblins
  3 kobolds
  4 quokkas
  13 rats
50 creatures vanquished.

Notes
Turn   | Place    | Note
-------+----------+-------------------------------------------
     0 | D:1      | Xavori the Djinni Chaos Knight began the quest for the Orb.
     0 | D:1      | Reached XP level 1. HP: 20/20 MP: 0/0
    90 | D:1      | Found a faded altar of an unknown god.
   464 | D:1      | Reached XP level 2. HP: 23/25 MP: 0/0
  2340 | D:1      | XOM: summons 4 hostile shadow creatures
  2359 | D:2      | XOM is BORED!
  2359 | D:2      | XOM: 3-stop teleportation journey
  2381 | D:2      | Reached XP level 3. HP: 21/30 MP: 0/0
  2381 | D:2      | Learned a level 1 spell: Shock
  2392 | D:1      | Reached skill level 1 in Spellcasting
  2392 | D:1      | Reached skill level 1 in Conjurations
  2392 | D:1      | Reached skill level 1 in Hexes
  2392 | D:1      | Reached skill level 1 in Summonings
  2392 | D:1      | Reached skill level 1 in Necromancy
  2392 | D:1      | Reached skill level 1 in Translocations
  2392 | D:1      | Reached skill level 1 in Fire Magic
  2392 | D:1      | Reached skill level 1 in Ice Magic
  2392 | D:1      | Reached skill level 1 in Air Magic
  2392 | D:1      | Reached skill level 1 in Earth Magic
  2392 | D:1      | Reached skill level 1 in Alchemy
  2435 | D:1      | XOM: summons 2 hostile demons
  2657 | D:1      | XOM: give mutations
  2657 | D:1      | Gained mutation: You are strong-willed. (Will+) [Xom's
                  | mischief]
  2657 | D:1      | Gained mutation: You are clumsy. (Dex -2) [Xom's mischief]
  2979 | D:1      | XOM: god gift: 6 stones
  3149 | D:1      | XOM: divination: detect creatures
  3381 | D:1      | XOM: noise
  3876 | D:1      | XOM: god gift: curved glass wand {god gift}
  4150 | D:1      | XOM: give mutations
  4150 | D:1      | Gained mutation: You passively map a small area around you.
                  | [Xom's grace]
  4150 | D:1      | Gained mutation: Your movements are slightly less
                  | encumbered by armour. (ER -2) [Xom's grace]
  5487 | D:1      | XOM: silly message
  5915 | D:1      | XOM: god gift: 3 javelins
  6567 | D:1      | XOM: give mutations
  6567 | D:1      | Gained mutation: You have a pair of small horns on your
                  | head. [Xom's grace]
  6567 | D:1      | Gained mutation: You are robust. (+10% HP) [Xom's grace]
  6567 | D:1      | Gained mutation: Your flesh is almost immune to the effects
                  | of heat. (rF+++) [Xom's grace]
  6567 | D:1      | Gained mutation: You are somewhat resistant to further
                  | mutation. [Xom's grace]
  6643 | D:1      | XOM: silly message
  6671 | D:1      | XOM: silly message
  6768 | D:1      | XOM: silly message
  7327 | D:1      | XOM: silly message
  7714 | D:1      | XOM: cloud trail
  7789 | D:1      | XOM: scenery: summon butterflies
  7935 | D:1      | XOM: stat loss: -1 Dex (7/12)
  8192 | D:1      | XOM: divination: detect items
  8900 | D:1      | XOM: silly message
  9539 | D:1      | XOM is BORED!
  9539 | D:1      | XOM: give mutations
  9539 | D:1      | Lost mutation: You have a pair of small horns on your head.
                  | [Xom's mischief]
  9539 | D:1      | Lost mutation: You are robust. (+10% HP) [Xom's mischief]
  9539 | D:1      | Gained mutation: You have a pair of small antennae on your
                  | head. [Xom's mischief]
  9539 | D:1      | Lost mutation: You are clumsy. (Dex -2) [Xom's mischief]
 10145 | D:2      | Reached XP level 4. HP: 20/35 MP: 0/0
 10717 | D:3      | Found a stormy altar of Qazlal.
 10937 | D:3      | Found a runed translucent gate.
 10938 | D:3      | Found a runed translucent gate.
 11023 | D:3      | Found a runed translucent gate.
 11135 | D:3      | XOM: give mutation
 11135 | D:3      | Lost mutation: You are strong-willed. (Will+) [Xom's
                  | mischief]
 11329 | D:3      | Noticed SpaceCowgir3's ghost (amateur MiHu)
 11373 | D:4      | Noticed a black bear
 11378 | D:4      | a hound changed into a wyvern
 11378 | D:4      | Noticed a wyvern
 11378 | D:4      | XOM: polymorph hound -> wyvern
 11385 | D:4      | Slain by a black bear

Illustrated notes

Levels and vault maps discovered:
D:1:      eino_arrival_cavern_b, layout_loops_corners,
          hellmonk_ecumenical_altar_heavens_door, chequers_serial_rivers_small_3
D:2:      layout_loops_ring
D:3:      layout_basic, nicolae_qazlal_general_emergency, gammafunk_ghost_icy
D:4:      layout_rooms, grunt_dithmenos_smoke, temple_pool_b, serial_shops,
          shop, portal_sewer_entry_b

Skill      XL: |  1  2  3 |
---------------+----------+-----
Spellcasting   | 1 |  1.5
Conjurations   | 1 |  1.5
Hexes          | 1 |  1.5
Summonings     | 1 |  1.5
Necromancy     | 1 |  1.5
Translocations | 1 |  1.5
Fire Magic     | 1 |  1.5
Ice Magic      | 1 |  1.5
Air Magic      | 1 |  1.5
Earth Magic    | 1 |  1.5
Alchemy        | 1 |  1.5
Long Blades    | 3 |  3.0
Fighting       | |  3.3
Armour         | |  1.7
Dodging        | |  2.7

Action                     |  1- 3 |  4- 6 || total
---------------------------+-------+-------++-------
  Melee: Falchion          |    87 |    94 ||   181
 Armour: Leather armour    |   139 |    84 ||   223
  Dodge: Dodged            |   119 |    87 ||   206

Table legend: (Time is in decaauts)
 A = Elapsed time spent in this place.
 B = Non-inter-level travel time spent in this place.
 C = Inter-level travel time spent in this place.
 D = Time resting spent in this place.
 E = Time spent auto-exploring this place.
 F = Levels seen in this place.
 G = Mean time per level.
                   A        B        C        D        E       F      G
               +--------+--------+--------+--------+--------+-----+--------+
         Total |  11414 |  11284 |    130 |   8895 |   1905 |   4 | 2853.5 |
       Dungeon |  11414 |  11284 |    130 |   8895 |   1905 |   4 | 2853.5 |
               +--------+--------+--------+--------+--------+-----+--------+

Top non-repeatable levels by time:
     D:1: 9699 daAuts
     D:2: 1025 daAuts
     D:3: 673 daAuts
     D:4: 15 daAuts
